[Event "Srdja Dragasevic Memorial-A 2024"]
[Site "Cetinje"]
[Date "2024.06.23"]
[Round "2.1"]
[White "Karthik Venkataraman"]
[Black "Nikolic, Nebojsa"]
[Result "1-0"]
[ECO "D02"]
[WhiteElo "2590"]
[BlackElo "2268"]
[Annotator "TA"]
[PlyCount "57"]
[EventDate "2024.06.23"]
[EventType "swiss"]
[EventCountry "MNE"]
[SourceTitle "playchess.com"]
[Source "ChessBase"]
[SourceQuality "1"]
[TimeControl "40/5400+30:1800+30"]

1. d4 d5 2. Nf3 Nf6 3. c3 c6 4. h3 g6 5. Bf4 Qb6 6. Qb3 Ne4 7. Nbd2 Nxd2 8. Nxd2 {[%emt 0:00:08] White is slightly better.} Bg7 9. e4 O-O 10. exd5 cxd5 11. Qxb6 (11. Qxd5 $2 Qxb2 12. Rd1 Qxc3 $19) 11... axb6 12. Bc7 e5 13. dxe5 $16 {[%emt 0:00:39] White is more active. Black is on the road to losing.} (13. Bxe5 Re8 $14) 13... Nc6 14. Nf3 f6 (14... Re8 $14 {is more appropriate.}) 15. exf6 Re8+ 16. Be2 Bxf6 17. Bxb6 d4 18. Bxd4 (18. Nxd4 Ra6 19. Bc5 Nxd4 20. Bxd4 (20. cxd4 $2 Rae6 $19) 20... Bxd4 $11) 18... Nxd4 19. Nxd4 ({Don't do} 19. cxd4 $6 Bd7 $16) 19... Bxd4 20. cxd4 Ra4 21. b3 Rxd4 {[%emt 0:00:24] [#] Strongly threatening ...Rde4.} 22. Rd1 Rde4 23. Rd2 b5 24. f3 R4e5 25. Kf2 Be6 26. Rc1 b4 (26... Re7 {might work better.} 27. Rc6 g5) 27. Rc7 Ra8 (27... Ra5 {keeps fighting.} 28. Rb7 Rea8) 28. Re7 $18 Rd5 (28... Kf8 $142) 29. Rc2 {[%emt 0:00:05] Weighted Error Value: White=0.05 (flawless) /Black=0.35.  Mistake:       	---       	Black=5      Inaccurate:     	White=2     	---        OK:         	White=15    	Black=7} 1-0

[Event "Srdja Dragasevic Memorial-A 2024"]
[Site "Cetinje"]
[Date "2024.06.23"]
[Round "2.2"]
[White "Holland, James P"]
[Black "Petrov, Nikita"]
[Result "1/2-1/2"]
[ECO "C14"]
[WhiteElo "2252"]
[BlackElo "2566"]
[Annotator "TA"]
[PlyCount "46"]
[EventDate "2024.06.23"]
[EventType "swiss"]
[EventCountry "MNE"]
[SourceTitle "playchess.com"]
[Source "ChessBase"]
[SourceQuality "1"]
[TimeControl "40/5400+30:1800+30"]

1. e4 e6 2. d4 d5 3. Nc3 Nf6 4. Bg5 Be7 5. e5 Ne4 6. Nxe4 {[%emt 0:04:46] [#] Black must now prevent Bxe7.} dxe4 7. h4 Bxg5 8. hxg5 c5 9. dxc5 Qxg5 10. Rh5 Qg6 (10... Qd8 $14) 11. g4 {[%emt 0:21:39] White is more active.} ({White should play} 11. Nh3 $16 e3 12. Qe2 (12. fxe3 Qg3+ 13. Kd2 Nd7 $14)) 11... O-O $14 12. Nh3 f6 $1 13. Qe2 Nc6 {[%emt 0:04:28] Strongly threatening ...Nd4.} 14. Nf4 Qf7 15. Qxe4 g6 16. Rh2 $36 {[%emt 0:06:29][%mdl 2048] With the idea 0-0-0. White has the initiative.} Nxe5 17. Nd3 Nc6 18. f4 (18. O-O-O $14) 18... f5 $1 $15 19. gxf5 exf5 20. Qa4 Rd8 (20... Re8+ $15 {keeps the upper hand.} 21. Re2 Re4 22. Rxe4 fxe4 23. Qxe4 Bf5) 21. O-O-O $16 Rd4 {[%emt 0:02:18] [#]} 22. Qa3 Be6 23. Rhd2 Qc7 {[%emt 0:08:02] Prevents Ne5.   Weighted Error Value: White=0.16 (very precise) /Black=0.20 (precise) .  Mistake:       	White=2     	Black=2      Inaccurate:     	White=2     	---        OK:         	White=8     	Black=5      Best:        	White=2     	Black=3      Strong:       	---       	Black=2} 1/2-1/2

[Event "Srdja Dragasevic Memorial-A 2024"]
[Site "Cetinje"]
[Date "2024.06.23"]
[Round "2.3"]
[White "Miletic, Vuk"]
[Black "Saraci, Nderim"]
[Result "0-1"]
[ECO "D02"]
[WhiteElo "2193"]
[BlackElo "2449"]
[Annotator "TA"]
[PlyCount "38"]
[EventDate "2024.06.23"]
[EventType "swiss"]
[EventCountry "MNE"]
[SourceTitle "playchess.com"]
[Source "ChessBase"]
[SourceQuality "1"]
[TimeControl "40/5400+30:1800+30"]

1. d4 d5 2. Nf3 Nf6 3. Bf4 Bf5 4. c4 e6 5. Qb3 Nbd7 6. Nc3 dxc4 7. Qxb7 Rb8 8. Qc6 (8. Qxc7 $15 Qxc7 (8... Rxb2 9. Qxd8+ Kxd8 10. a3 $15) 9. Bxc7 Rxb2 10. Ba5) 8... Rxb2 $17 9. a3 {[%emt 0:12:03][%cal Oe2e4] [#] Prevents Bb4.} Bd6 $1 10. Ne5 Rc2 $36 {[%emt 0:09:45][%mdl 2048] Black has strong initiative.} 11. Rc1 O-O {[%emt 0:19:26] And now ...Nxe5 would win. Some like it hot} (11... Bxa3 {simplifies} 12. Rxc2 Bxc2 13. Qxc4 c5) 12. Rxc2 Bxc2 13. e3 $2 (13. Qxc4 $17 Nb6 (13... Bxa3 14. Bd2 $17) 14. Qa2) 13... Bxe5 $19 {[%emt 0:07:26] Black is clearly winning.} (13... Bxa3 14. Nxd7 Qxd7 15. Qxd7 Nxd7 16. Bxc4 $14) 14. dxe5 {[%emt 0:00:48] [#]} Ne4 15. Qxc4 {[%emt 0:01:52] [#]} Ndc5 16. Qd4 Nxc3 {[%emt 0:00:21] Excellent horsemanship.} 17. Bc4 Qxd4 18. exd4 Bd3 19. Kd2 N5e4+ $2 {[%emt 0:00:00] White did not feel at home in the position after the opening.   Weighted Error Value: White=0.56/Black=0.11 (very precise) .  Loses game:     	White=1     	---        Missed win:     	---       	Black=1      Mistake:       	White=1     	---        Inaccurate:     	White=1     	---        OK:         	White=4     	Black=7      Best:        	White=2     	Black=2      Brilliant:      	---       	Black=1} ({Black should try} 19... N3e4+ $19 20. Ke3 Bxc4 21. dxc5 Bd5 (21... Nxc5 22. Rc1 $17)) 0-1

[Event "Srdja Dragasevic Memorial-A 2024"]
[Site "Cetinje"]
[Date "2024.06.23"]
[Round "2.4"]
[White "Milanovic, Danilo"]
[Black "Abdulkarimli, Eljan"]
[Result "1-0"]
[ECO "D14"]
[WhiteElo "2438"]
[BlackElo "2124"]
[Annotator "TA"]
[PlyCount "87"]
[EventDate "2024.06.23"]
[EventType "swiss"]
[EventCountry "MNE"]
[SourceTitle "playchess.com"]
[Source "ChessBase"]
[SourceQuality "1"]
[TimeControl "40/5400+30:1800+30"]

1. d4 d5 2. c4 c6 3. cxd5 cxd5 4. Nc3 Nf6 5. Bf4 Nc6 6. e3 Bf5 7. Qb3 Na5 8. Qa4+ Bd7 9. Qc2 Rc8 10. Bd3 b5 11. a3 e6 12. Nf3 Nc4 13. O-O Qb6 14. Rfc1 Be7 {[%emt 0:04:22] White is slightly better.} 15. Qe2 Nh5 16. Bg5 Bxg5 $1 17. Nxg5 g6 (17... Nf6 $14 {is more appropriate.}) 18. Nf3 {[%emt 0:06:51] White is more active.} (18. h4 $16) 18... f5 (18... O-O $14) 19. Ne5 Nxe5 20. dxe5 a6 21. a4 f4 (21... d4 $16) 22. g4 (22. axb5 $18 {and the rest is easy. And now Na4 would win.} axb5 23. Bxb5) 22... fxg3 $16 23. hxg3 (23. axb5 gxf2+ 24. Qxf2 Rf8 $14) 23... b4 24. a5 ({Better is} 24. Nd1 $16) 24... Qb8 $1 $11 25. Nd1 $36 {[%emt 0:06:16][%mdl 2048] White has some pressure.} O-O (25... Rxc1 $11 {remains equal.} 26. Rxc1 Qxe5) 26. g4 Ng7 27. f4 Bb5 (27... Rxc1 $16 28. Rxc1 Qd8) 28. Bxb5 axb5 (28... Rxc1 $16 {was called for.} 29. Rxc1 axb5) 29. Rxc8 $18 Rxc8 30. Nf2 Qa7 31. Qd2 (31. Qxb5 Qxe3 32. a6 (32. Qxb4 h5 $11) 32... Rc2 33. Qb8+ Kf7 34. Qb7+ Ke8 35. Qb8+ (35. Qxg7 $2 Qxf2+ 36. Kh1 Qh2#) 35... Kf7 36. Qb7+ Ke8 37. Qb8+ (37. Qxg7 $2 Qxf2+ 38. Kh1 Qh2#) 37... Kf7 $11) 31... h5 32. Qd4 (32. Qxb4 Qxe3 33. Qa3 Qxf4 $19) 32... Qa6 {[%emt 0:00:37] [#] This move loses the game for Black.} (32... Qxd4 $16 33. exd4 hxg4) 33. gxh5 (33. Qxb4 Kh7 34. Kg2 Rc2) 33... gxh5 34. Qb6 (34. Qxb4 Nf5 $16) 34... Qa8 35. a6 (35. Qxb5 Kh8 36. Nh3 (36. Qxb4 Nf5 $16) 36... d4) 35... Rb8 36. Qc7 d4 37. e4 Rf8 38. Qb7 Qd8 (38... b3 $142 39. Kg2 (39. Qxb5 Qa7 $18) 39... Rb8 40. Qxa8 Rxa8) 39. a7 Qh4 40. a8=Q {[%emt 0:00:00][%cal Oa1a7] White threatens Ra7! and mate.} (40. a8=B {gets mated.} Qg3+ (40... Qxf4 $2 41. Rf1 $19) 41. Kf1 Qxf4 42. Kg1 Qg3+ (42... Qxf2+ 43. Kh1 Rf4 44. Qe7 Rg4 45. Qd8+ Kh7 46. Qh8+ Kxh8 47. Rd1 Rh4#) 43. Kh1 Rxf2) 40... Qg3+ 41. Kf1 Qxf4 {[%emt 0:04:33] [#]} 42. Qxf8+ $3 Kxf8 43. Ra8+ (43. Ra7 $142 Qc1+ 44. Ke2 Qxb2+ 45. Kf3 Qa3+ 46. Rxa3 (46. Kg2 Qxa7 47. Qxa7 h4 $18) 46... bxa3 47. Qa8+ (47. Qxb5 h4 $18) 47... Kf7 48. Qa7+ (48. Qxa3 d3 49. Qxd3 Ke8 50. Qxb5+ Kd8 51. Qb8+ Ke7 52. Qb7+ Kd8 53. Qxg7 h4) 48... Kg6 49. Qe7 (49. Qxd4 a2 $18)) 43... Ne8 44. Qc6 {[%emt 0:00:00] Weighted Error Value: White=0.24 (precise) /Black=0.56.  Loses game:     	---       	Black=1      Mistake:       	White=3     	Black=7      Inaccurate:     	White=1     	Black=4      OK:         	White=7     	Black=4      Best:        	White=1     	Black=1      Strong:       	---       	Black=2} 1-0

[Event "Srdja Dragasevic Memorial-A 2024"]
[Site "Cetinje"]
[Date "2024.06.23"]
[Round "2.5"]
[White "Pusara, Mihailo"]
[Black "Kalezic, Blazo"]
[Result "0-1"]
[ECO "C10"]
[WhiteElo "2117"]
[BlackElo "2398"]
[Annotator "RC"]
[PlyCount "52"]
[EventDate "2024.06.23"]
[EventType "swiss"]
[EventCountry "MNE"]
[SourceTitle "playchess.com"]
[Source "ChessBase"]
[SourceQuality "1"]
[TimeControl "40/5400+30:1800+30"]

1. e4 e6 2. d4 d5 3. Nc3 h6 4. Nf3 Nf6 5. e5 Nfd7 6. Ne2 c5 7. c3 Nc6 8. g3 b5 9. Bh3 g5 10. Bg4 b4 11. h4 gxh4 12. Rxh4 bxc3 13. bxc3 cxd4 14. Qa4 Nc5 15. Qxc6+ Bd7 16. Bg5 Qb8 17. Qxa8 Qxa8 18. Nexd4 Qb7 19. Nd2 Nd3+ 20. Kf1 hxg5 21. Rxh8 Qb2 22. N4b3 Qxc3 23. Be2 Bb5 24. Nf3 Bc4 25. Rb1 Nxe5 26. Bxc4 Nxc4 0-1

[Event "Srdja Dragasevic Memorial-A 2024"]
[Site "Cetinje"]
[Date "2024.06.23"]
[Round "2.6"]
[White "Arora Honi"]
[Black "Tomic, Aleksandar"]
[Result "1/2-1/2"]
[ECO "B32"]
[WhiteElo "2082"]
[BlackElo "2388"]
[Annotator "RC"]
[PlyCount "81"]
[EventDate "2024.06.23"]
[EventType "swiss"]
[EventCountry "MNE"]
[SourceTitle "playchess.com"]
[Source "ChessBase"]
[SourceQuality "1"]
[TimeControl "40/5400+30:1800+30"]

1. e4 c5 2. Nf3 Nc6 3. d4 cxd4 4. Nxd4 e5 5. Nb5 d6 6. c4 a6 7. N5a3 f5 8. Nc3 Nf6 9. Bd3 f4 10. Nc2 Be7 11. b3 O-O 12. Ba3 Kh8 13. Qd2 Be6 14. O-O-O b5 15. cxb5 axb5 16. Bxb5 Nd4 17. Ba4 Bxb3 18. Bxb3 Nxc2 19. Bxd6 Nd4 20. Bxe5 Nxb3+ 21. axb3 Qa5 22. Nd5 Rfc8+ 23. Kb1 Bb4 24. Qb2 Nxe4 25. Nxb4 Qxb4 26. Bxg7+ Kg8 27. Rd3 Qb5 28. Rhd1 Qf5 29. Bh8 Qg6 30. Bd4 Rd8 31. b4 Nc5 32. bxc5 Rab8 33. g3 Qe4 34. Qxb8 Rxb8+ 35. Kc2 Qd5 36. Kd2 Qa2+ 37. Ke1 Qc4 38. gxf4 Rd8 39. f5 Kf7 40. f6 Rd5 41. R1d2 1/2-1/2

[Event "Srdja Dragasevic Memorial-A 2024"]
[Site "Cetinje"]
[Date "2024.06.23"]
[Round "2.7"]
[White "Skvortsov, Andrei"]
[Black "Engin, Onur Cinar"]
[Result "1-0"]
[ECO "C14"]
[WhiteElo "2331"]
[BlackElo "2114"]
[Annotator "RC"]
[PlyCount "39"]
[EventDate "2024.06.23"]
[EventType "swiss"]
[EventCountry "MNE"]
[SourceTitle "playchess.com"]
[Source "ChessBase"]
[SourceQuality "1"]
[TimeControl "40/5400+30:1800+30"]

1. e4 e6 2. d4 d5 3. Nc3 Nf6 4. Bg5 Be7 5. e5 Nfd7 6. Bxe7 Qxe7 7. f4 a6 8. Nf3 c5 9. Qd2 Nc6 10. h4 b5 11. h5 h6 12. Rh3 Nb6 13. Qf2 b4 14. dxc5 bxc3 15. cxb6 Qb4 16. b3 Bb7 17. a3 Qxf4 18. Rh4 Qe4+ 19. Rxe4 dxe4 20. Nd4 1-0

[Event "Srdja Dragasevic Memorial-A 2024"]
[Site "Cetinje"]
[Date "2024.06.23"]
[Round "2.8"]
[White "Hart, Alexander"]
[Black "Vujosevic, Vladimir"]
[Result "1-0"]
[ECO "E14"]
[WhiteElo "1949"]
[BlackElo "2306"]
[Annotator "RC"]
[PlyCount "113"]
[EventDate "2024.06.23"]
[EventType "swiss"]
[EventCountry "MNE"]
[SourceTitle "playchess.com"]
[Source "ChessBase"]
[SourceQuality "1"]
[TimeControl "40/5400+30:1800+30"]

1. Nf3 d5 2. e3 Nf6 3. c4 e6 4. Nc3 Be7 5. Be2 O-O 6. O-O b6 7. cxd5 exd5 8. d4 Bb7 9. b3 Nbd7 10. Bb2 a6 11. Rc1 Bd6 12. Re1 Qe7 13. Bf1 Rfe8 14. g3 Ne4 15. Bg2 f5 16. Nd2 Ndf6 17. f3 Nxd2 18. Qxd2 h5 19. Kf2 h4 20. Ne2 Nh5 21. Rg1 hxg3+ 22. hxg3 Qg5 23. f4 Qg6 24. Bf3 Nf6 25. Rh1 Re7 26. Rce1 Rae8 27. Nc1 Ne4+ 28. Bxe4 dxe4 29. Rh4 Kf7 30. Ne2 Rd7 31. Rg1 Be7 32. Rh2 Qg4 33. Ke1 Rg8 34. Kd1 a5 35. Kc1 Ba6 36. Kb1 Bf6 37. Ka1 Rc8 38. Nc3 Rcd8 39. Na4 Rd6 40. Qc3 c5 41. Nxb6 Rxb6 42. Qxc5 Rbd6 43. Qxa5 Bd3 44. Bc3 Rc8 45. Rb2 Rdc6 46. Qd5+ Kg6 47. Bd2 R6c7 48. a4 Rd8 49. Qe6 Re7 50. Qb6 Ree8 51. Ka2 Qf3 52. g4 fxg4 53. Ba5 Qxe3 54. Rxg4+ Kf7 55. Qc7+ Ke6 56. Bb6 Rc8 57. d5+ 1-0

[Event "Srdja Dragasevic Memorial-A 2024"]
[Site "Cetinje"]
[Date "2024.06.23"]
[Round "2.9"]
[White "Xie, Bryan"]
[Black "Willy, Stephen"]
[Result "1-0"]
[ECO "C02"]
[WhiteElo "2281"]
[BlackElo "2046"]
[Annotator "RC"]
[PlyCount "65"]
[EventDate "2024.06.23"]
[EventType "swiss"]
[EventCountry "MNE"]
[SourceTitle "playchess.com"]
[Source "ChessBase"]
[SourceQuality "1"]
[TimeControl "40/5400+30:1800+30"]

1. e4 e6 2. d4 d5 3. e5 c5 4. c3 Nc6 5. Nf3 Qb6 6. a3 c4 7. Nbd2 Na5 8. Be2 Bd7 9. h4 Ne7 10. h5 h6 11. Rb1 Nc8 12. Nf1 Qc7 13. Bf4 Nb6 14. N3d2 Be7 15. Ne3 O-O-O 16. Bg4 Rdf8 17. Bg3 Qd8 18. f4 f6 19. exf6 gxf6 20. f5 e5 21. dxe5 fxe5 22. Bxe5 Bc5 23. Bxh8 Rxh8 24. Nc2 Qg5 25. Nd4 Qf4 26. Qf3 Re8+ 27. Ne6 Qe5+ 28. Kf1 Bxe6 29. Re1 Qg7 30. Rxe6 Rxe6 31. fxe6 Kb8 32. Qf4+ Ka8 33. Qf7 1-0

[Event "Srdja Dragasevic Memorial-A 2024"]
[Site "Cetinje"]
[Date "2024.06.23"]
[Round "2.10"]
[White "Soloviov, Artiom"]
[Black "Mammadova, Narmin"]
[Result "0-1"]
[ECO "B13"]
[WhiteElo "1729"]
[BlackElo "2277"]
[Annotator "RC"]
[PlyCount "54"]
[EventDate "2024.06.23"]
[EventType "swiss"]
[EventCountry "MNE"]
[SourceTitle "playchess.com"]
[Source "ChessBase"]
[SourceQuality "1"]
[TimeControl "40/5400+30:1800+30"]

1. e4 c6 2. d4 d5 3. exd5 cxd5 4. Bd3 Nc6 5. c3 Nf6 6. Nf3 g6 7. O-O Bg7 8. h3 O-O 9. Bf4 Nh5 10. Be5 f6 11. Bh2 e5 12. g4 Nf4 13. Bxf4 exf4 14. Nbd2 Be6 15. Kh2 Qc7 16. Nh4 Rae8 17. Qf3 Bf7 18. Ng2 Bh6 19. Rae1 Qa5 20. Bb1 Nxd4 21. Qd3 Nc6 22. Rxe8 Rxe8 23. Re1 Rxe1 24. Nxe1 Qb6 25. f3 Qf2+ 26. Ng2 Ne5 27. Qd4 Qxd2 0-1

[Event "Srdja Dragasevic Memorial-A 2024"]
[Site "Cetinje"]
[Date "2024.06.23"]
[Round "2.11"]
[White "Djukic, Nikola"]
[Black "Guleryuz, Kuzey"]
[Result "1-0"]
[ECO "C11"]
[WhiteElo "2532"]
[BlackElo "1971"]
[Annotator "TA"]
[PlyCount "45"]
[EventDate "2024.06.23"]
[EventType "swiss"]
[EventCountry "MNE"]
[SourceTitle "playchess.com"]
[Source "ChessBase"]
[SourceQuality "1"]
[TimeControl "40/5400+30:1800+30"]

1. e4 e6 2. d4 d5 3. Nc3 Nf6 4. e5 Nfd7 5. f4 c5 6. Nf3 Nc6 7. Be3 Be7 8. Qd2 a6 9. Bd3 b5 10. a3 Qb6 11. Qf2 {[%emt 0:00:56] White has an edge.} Bb7 12. O-O cxd4 13. Nxd4 Nxd4 14. Bxd4 Bc5 15. Ne2 Bxd4 16. Nxd4 O-O 17. c3 Nc5 18. Rad1 {[%emt 0:08:52] White is more active.} Qc7 19. Qg3 Ne4 {[%emt 0:08:28] [#]} ({Black should try} 19... Rae8 $14) 20. Bxe4 $1 $40 {[%emt 0:00:43][%mdl 128] Black is in trouble.} dxe4 {[%emt 0:00:03] Black is weak on the dark squares} 21. f5 {[%emt 0:00:16] Threatens to win with f6.} exf5 (21... Kh8 $16) 22. Nxf5 $18 f6 {[%emt 0:01:49] [#]} 23. Rd7 $3 {[%emt 0:05:22][%mdl 512] Weighted Error Value: White=0.03 (flawless) /Black=0.44.  Loses game:     	---       	Black=1      Mistake:       	---       	Black=1      OK:         	White=3     	Black=1      Best:        	White=1     	---        Strong:       	White=1     	---} 1-0

[Event "Srdja Dragasevic Memorial-A 2024"]
[Site "Cetinje"]
[Date "2024.06.23"]
[Round "2.12"]
[White "Tadic, Stefan"]
[Black "Pogorelskikh, Sofia"]
[Result "1-0"]
[ECO "B31"]
[WhiteElo "2421"]
[BlackElo "2216"]
[Annotator "RC"]
[PlyCount "105"]
[EventDate "2024.06.23"]
[EventType "swiss"]
[EventCountry "MNE"]
[SourceTitle "playchess.com"]
[Source "ChessBase"]
[SourceQuality "1"]
[TimeControl "40/5400+30:1800+30"]

1. e4 c5 2. Nf3 Nc6 3. Bb5 g6 4. Bxc6 bxc6 5. O-O Bg7 6. Re1 Qc7 7. d3 d6 8. e5 dxe5 9. Na3 f6 10. Be3 Nh6 11. Bxc5 O-O 12. d4 Bg4 13. h3 Bxf3 14. Qxf3 f5 15. dxe5 Bxe5 16. Nc4 Bf6 17. Re6 Nf7 18. Rxc6 Qb7 19. Rxf6 Qxf3 20. gxf3 exf6 21. Bxf8 Kxf8 22. Rd1 Rc8 23. b3 Ke7 24. Rd5 Ng5 25. Kg2 Ne6 26. Ra5 Rc7 27. Ne3 Nf4+ 28. Kh2 Rd7 29. Ra4 Ne6 30. c4 Nc5 31. Ra5 Nd3 32. Nd5+ Kf7 33. Kg2 Kg7 34. Ra6 Rf7 35. b4 Rd7 36. a3 g5 37. f4 gxf4 38. Nxf6 Re7 39. Nh5+ Kg8 40. Kf3 Ne5+ 41. Kxf4 Nxc4 42. Ng3 Nb6 43. Ra5 Nc4 44. Nxf5 Re2 45. Rxa7 Rxf2+ 46. Kg5 Rg2+ 47. Kh5 Nb6 48. Rb7 Nd5 49. Ne7+ Nxe7 50. Rxe7 Rg3 51. a4 Rxh3+ 52. Kg4 Rb3 53. Rb7 1-0

[Event "Srdja Dragasevic Memorial-A 2024"]
[Site "Cetinje"]
[Date "2024.06.23"]
[Round "2.13"]
[White "Yaksin, Oleg"]
[Black "Skvortsova, Alena"]
[Result "1-0"]
[ECO "A11"]
[WhiteElo "2389"]
[BlackElo "2170"]
[Annotator "RC"]
[PlyCount "69"]
[EventDate "2024.06.23"]
[EventType "swiss"]
[EventCountry "MNE"]
[SourceTitle "playchess.com"]
[Source "ChessBase"]
[SourceQuality "1"]
[TimeControl "40/5400+30:1800+30"]

1. Nf3 d5 2. g3 Nf6 3. Bg2 g6 4. c4 c6 5. b3 Bg7 6. Bb2 O-O 7. O-O Re8 8. Qc2 Bg4 9. d3 Bxf3 10. Bxf3 e5 11. Nd2 a5 12. a3 Na6 13. e3 Rc8 14. Rfe1 Qd7 15. Bc3 b6 16. Rad1 h5 17. Bg2 h4 18. Nf3 h3 19. Bf1 Qf5 20. Qe2 d4 21. e4 Qh5 22. Bd2 Nc5 23. Rb1 Ng4 24. Nh4 f5 25. Bxh3 Bf6 26. exf5 gxf5 27. f3 Nh6 28. Bxh6 Bxh4 29. gxh4 Qxh6 30. Bxf5 Rc7 31. Kh1 Rg7 32. Rg1 Ree7 33. Rxg7+ Rxg7 34. Qxe5 Qd2 35. Qe8# 1-0

[Event "Srdja Dragasevic Memorial-A 2024"]
[Site "Cetinje"]
[Date "2024.06.23"]
[Round "2.14"]
[White "Kosic, Dragan"]
[Black "Levi, Netanel"]
[Result "1-0"]
[ECO "E94"]
[WhiteElo "2382"]
[BlackElo "2152"]
[Annotator "RC"]
[PlyCount "131"]
[EventDate "2024.06.23"]
[EventType "swiss"]
[EventCountry "MNE"]
[SourceTitle "playchess.com"]
[Source "ChessBase"]
[SourceQuality "1"]
[TimeControl "40/5400+30:1800+30"]

1. d4 d6 2. Nf3 Nf6 3. c4 g6 4. Nc3 Bg7 5. e4 O-O 6. Be2 e5 7. O-O Nbd7 8. Be3 Qe7 9. Qc2 c6 10. Rad1 h6 11. Ne1 exd4 12. Bxd4 Re8 13. f3 d5 14. cxd5 cxd5 15. Nb5 b6 16. Nc7 Bb7 17. Nxe8 Rxe8 18. Qc7 Nc5 19. Qxe7 Rxe7 20. e5 Nfd7 21. f4 f6 22. exf6 Bxf6 23. Bxf6 Rxe2 24. Bd4 Ne6 25. Bc3 Ndc5 26. Be5 g5 27. Rf2 Re4 28. g3 Ba6 29. Bb8 Nd4 30. fxg5 hxg5 31. Kg2 Nb5 32. Rf5 Re2+ 33. Kg1 Ne4 34. Rfxd5 Rxb2 35. Nd3 Re2 36. Nb4 Nbc3 37. Rd8+ Kf7 38. Nxa6 Nxd1 39. Rxd1 Rxa2 40. Nb4 Ra4 41. Nc6 a6 42. Bc7 b5 43. Ba5 Ke6 44. g4 Nd6 45. h3 Nc4 46. Bd8 Ra3 47. Bxg5 Rxh3 48. Kg2 Ra3 49. Bf4 Kf6 50. Rd5 Ne3+ 51. Bxe3 Rxe3 52. Rf5+ Ke6 53. Nd4+ Kd6 54. g5 Re5 55. Rf6+ Kd5 56. Nf3 Re6 57. Rf5+ Kc4 58. Ne5+ Kc3 59. g6 Re7 60. Rf3+ Kc2 61. Nc6 Rg7 62. Rg3 Kd2 63. Kh3 Ke2 64. Kh4 Kf2 65. Rg4 Kf3 66. Kh5 1-0

[Event "Srdja Dragasevic Memorial-A 2024"]
[Site "Cetinje"]
[Date "2024.06.23"]
[Round "2.15"]
[White "Pobor, Milo"]
[Black "Mammadov, Zaur"]
[Result "0-1"]
[ECO "B12"]
[WhiteElo "2209"]
[BlackElo "2426"]
[Annotator "RC"]
[PlyCount "70"]
[EventDate "2024.06.23"]
[EventType "swiss"]
[EventCountry "MNE"]
[SourceTitle "playchess.com"]
[Source "ChessBase"]
[SourceQuality "1"]
[TimeControl "40/5400+30:1800+30"]

1. e4 c6 2. d4 d5 3. e5 Bf5 4. h4 h6 5. g4 Be4 6. f3 Bh7 7. e6 Qd6 8. exf7+ Kxf7 9. Bd3 Nf6 10. Ne2 Nbd7 11. Nbc3 e5 12. Bxh7 Rxh7 13. Be3 Re8 14. Qd3 exd4 15. Bxd4 c5 16. Bxf6 Nxf6 17. O-O-O d4 18. Ne4 Nxe4 19. fxe4 Kg8 20. Kb1 g6 21. Rhf1 Rhe7 22. Ng3 Bg7 23. g5 Be5 24. Nf5 gxf5 25. exf5 Bf4 26. f6 Re4 27. Rxf4 Qxf4 28. Qb3+ Kf8 29. Qxb7 R8e6 30. Qc8+ Kf7 31. Qd7+ Kg6 32. h5+ Kxh5 33. Rh1+ Kg4 34. gxh6 Qxh6 35. Rg1+ Kf3 0-1

[Event "Srdja Dragasevic Memorial-A 2024"]
[Site "Cetinje"]
[Date "2024.06.23"]
[Round "2.16"]
[White "Slugin, Alexander"]
[Black "Ivanovic, Bozidar"]
[Result "1-0"]
[ECO "A46"]
[WhiteElo "2157"]
[BlackElo "2371"]
[Annotator "RC"]
[PlyCount "73"]
[EventDate "2024.06.23"]
[EventType "swiss"]
[EventCountry "MNE"]
[SourceTitle "playchess.com"]
[Source "ChessBase"]
[SourceQuality "1"]
[TimeControl "40/5400+30:1800+30"]

1. d4 Nf6 2. Nf3 c5 3. Nc3 cxd4 4. Qxd4 Nc6 5. Qh4 e6 6. Bg5 Be7 7. O-O-O a6 8. e4 Qc7 9. Bd3 d6 10. Rhe1 Ne5 11. h3 Ng6 12. Qg3 Nh5 13. Qh2 Bxg5+ 14. Nxg5 h6 15. Nf3 Ne5 16. Be2 Nf6 17. Nd4 Bd7 18. f4 Ng6 19. Bf3 e5 20. Nf5 O-O 21. Nxd6 Nxf4 22. h4 Rad8 23. g3 Ne6 24. Nf5 Bc8 25. g4 Nf4 26. g5 Ne8 27. gxh6 Rxd1+ 28. Rxd1 Bxf5 29. hxg7 Nxg7 30. exf5 e4 31. Qg1 exf3 32. f6 Ng2 33. Nd5 Qe5 34. Qc5 Qb8 35. fxg7 Kxg7 36. Qc3+ f6 37. Qxf3 1-0

[Event "Srdja Dragasevic Memorial-A 2024"]
[Site "Cetinje"]
[Date "2024.06.23"]
[Round "2.17"]
[White "Damljanovic, Branko"]
[Black "Pogorelskikh, Sergey"]
[Result "1-0"]
[ECO "E06"]
[WhiteElo "2364"]
[BlackElo "2196"]
[Annotator "RC"]
[PlyCount "89"]
[EventDate "2024.06.23"]
[EventType "swiss"]
[EventCountry "MNE"]
[SourceTitle "playchess.com"]
[Source "ChessBase"]
[SourceQuality "1"]
[TimeControl "40/5400+30:1800+30"]

1. d4 d5 2. c4 e6 3. Nf3 c6 4. g3 dxc4 5. Bg2 Nf6 6. Ne5 Be7 7. O-O O-O 8. Nc3 Nbd7 9. Nxc4 Nd5 10. e4 N5b6 11. Nxb6 axb6 12. Bf4 b5 13. Qc2 b4 14. Ne2 Qa5 15. Rfd1 e5 16. Be3 exd4 17. Nxd4 Nc5 18. h3 Rd8 19. a3 Be6 20. Kh2 bxa3 21. Rxa3 Qb4 22. Rxa8 Rxa8 23. e5 g6 24. Bxc6 Rc8 25. Bg2 Nb3 26. Qe2 Nxd4 27. Rxd4 Qb3 28. Qd2 h5 29. Rd3 Qb5 30. Bd4 b6 31. Bc3 Qc5 32. Bd5 Bxd5 33. Rxd5 Qc6 34. Rd7 Qe6 35. Kg2 b5 36. Qd5 Qxd5+ 37. Rxd5 b4 38. Bd4 Kf8 39. h4 Ke8 40. Kf3 Rc2 41. Ke3 g5 42. Kd3 Rc1 43. hxg5 Bxg5 44. e6 Rd1+ 45. Kc4 1-0